 Seeded DCSS version 0.29.1-13-g9f3cf754e1 (webtiles) character file.

Game seed: 16245865983455551772 (custom seed)

873 OTABOTABOTAB the Insei (level 8, 48/48 HPs)
             Began as an Octopode Transmuter on Jan 24, 2023.
             Quit the game in the Ecumenical Temple.
             The game lasted 00:07:09 (4077 turns).

OTABOTABOTAB the Insei (Octopode Transmuter)        Turns: 4077, Time: 00:07:10

Health: 48/48      AC:  3    Str:  9    XL:     8   Next: 4%
Magic:  11/11      EV: 14    Int: 29    God:
Gold:   1075       SH:  0    Dex: 21    Spells: 5/11 levels left

rFire   . . .      SeeInvis .   b - +9 hand crossbow "Hiarhuoq" {vorpal, Dex+4}
rCold   . . .      Faith    .   (no shield)
rNeg    + . .      Spirit   .   t - +2 hat of the Onion {rN+ Dex+4}
rPois   .          Reflect  .   m - amulet of regeneration
rElec   .          Harm     .   I - +6 ring of intelligence
rCorr   .          Rampage  .   f - +6 ring of intelligence
Will    .....                   (no ring)
Stlth   +++.......              (no ring)
HPRegen 0.96/turn               (no ring)
MPRegen 0.12/turn               (no ring)
                                (no ring)
                                (no ring)

@: no status effects
A: almost no armour, amphibious, 8 rings, camouflage 1, gelatinous body 1,
(nimble swimmer 1), tentacles
a: no special abilities


You were in the Ecumenical Temple.
You visited 2 branches of the dungeon, and saw 6 of its levels.

You collected 1075 gold pieces.

Inventory:

Hand Weapons
 b - the +9 hand crossbow "Hiarhuoq" (weapon) {vorpal, Dex+4}
   (You acquired it on level 1 of the Dungeon)

   Any ammunition fired from it inflicts extra damage upon your enemies.
   Dex:       It affects your dexterity (+4).
Missiles
 d - 6 poisoned darts
 s - 42 stones
Armour
 t - the +2 hat of the Onion (worn) {rN+ Dex+4}
   (You acquired it on level 1 of the Dungeon)

   Dex:       It affects your dexterity (+4).
   rN:        It protects you from negative energy.
Jewellery
 c - a ring of ice {rC+, rF-}
   (You found it on level 5 of the Dungeon)
 f - a +6 ring of intelligence (right tentacle)
   (You found it on level 1 of the Dungeon)
 m - an amulet of regeneration (around mantle)
   (You found it on level 3 of the Dungeon)
 I - a +6 ring of intelligence (left tentacle)
   (You found it on level 1 of the Dungeon)
Wands
 j - a wand of polymorph (10)
   (You took it off Natasha on level 3 of the Dungeon)
 k - a wand of roots (4)
   (You found it on level 3 of the Dungeon)
Scrolls
 e - 5 scrolls of teleportation {unknown}
 h - 2 scrolls of summoning {unknown}
 i - 4 scrolls of identify {unknown}
 l - a scroll of noise {unknown}
 n - a scroll of immolation {unknown}
 o - a scroll of enchant weapon {unknown}
 r - a scroll of silence {unknown}
Potions
 a - 2 potions of flight {unknown}
 g - a potion of might {unknown}
 p - a potion of berserk rage {unknown}
 q - a potion of heal wounds {unknown}
 u - a potion of brilliance {unknown}
 P - 4 potions of lignification {!q}


   Skills:
 - Level 1.0 Fighting
 - Level 2.0 Dodging
 * Level 7.5 Unarmed Combat
 - Level 2.0 Spellcasting
 + Level 5.1 Transmutations
 - Level 3.0 Poison Magic


You had 5 spell levels left.
You knew the following spells:

 Your Spells              Type           Power      Damage    Failure   Level
a - Beastly Appendage     Tmut           64%        N/A       1%          1
b - Wereblood             Tmut           32%        N/A       1%          2
c - Spider Form           Tmut/Pois      26%        N/A       4%          3

Your spell library contained the following spells:

 Spells                   Type           Power      Damage    Failure   Level
 Sting                    Tmut/Pois      100%       1d8       1%          1
 Poisonous Vapours        Pois/Air       22%        N/A       7%          2
 Olgreb's Toxic Radiance  Pois           20%        N/A       24%         4
 Confusing Touch          Hex            2%         N/A       26%         3
 Ice Form                 Ice/Tmut       17%        N/A       30%         4
 Yara's Violent Unravell  Hex/Tmut       8%         3d5       63%         5
 Enfeeble                 Hex            1%         N/A       100%        7
 Chain Lightning          Conj/Air       1%         3d1       100%        9
 Fire Storm               Conj/Fire      1%         7d1       100%        9
 Shatter                  Erth           1%         3d5*      100%        9


Dungeon Overview and Level Annotations

Branches:
Dungeon (5/15)             Temple (1/1) D:5

Altars:
Cheibriados
Dithmenos
Elyvilon
Fedhas
Gozag
Kikubaaqudgha
Makhleb
Nemelex Xobeh
Sif Muna
Trog
Uskayaw
Vehumet
Wu Jian
Yredelemnul
Zin
The Shining One

Shops:
D:3 [   D:4 *:[


Innate Abilities, Weirdness & Mutations

You cannot wear most types of armour.
You are amphibious.
You can wear up to eight rings at the same time.
Your skin changes colour to match your surroundings (Stealth+).
Your rubbery body absorbs attacks. (AC +1, EV +1)
((You are camouflaged when in or above water. (Stealth+)))
You have tentacles for arms and can constrict up to eight enemies at once.


Message History

Sigmund the Dreaded comes into view.
He is wielding a +3 scythe of flaming.
You shoot a bolt. The bolt closely misses Sigmund.
You shoot a bolt. The bolt hits Sigmund!
Sigmund misses you.
You shoot a bolt. The bolt hits Sigmund!
Sigmund gestures at you while chanting. The puff of flame hits you!
Sigmund misses you.
You take 10 damage, and have 33/43 hp.
MASSIVE DAMAGE!!
Fire: b) +9 hand crossbow "Hiarhuoq" {vorpal, Dex+4}
Aim: Sigmund, wielding a +3 scythe of flaming and wearing a +0 robe (almost dead, 69% to hit)
You shoot a bolt. The bolt hits Sigmund!
You kill Sigmund!
Your Unarmed Combat skill increases to level 7!
You regained 2 hp, and now have 35/43 hp.
Fire: b) +9 hand crossbow "Hiarhuoq" {vorpal, Dex+4} Really target yourself?
Okay, then.
There is a stone staircase leading up here.
You regained 5 hp, and now have 40/43 hp.
You climb upwards.
There is a stone staircase leading down here.
You regained 2 hp, and now have 42/43 hp.
There is an escape hatch in the ceiling here.
There is an escape hatch in the floor here.
You see here a +0 whip.
A hound skeleton comes into view.
Found a burning altar of Makhleb.
Health restored: 43 You shoot a bolt.
The bolt hits the hound skeleton!!
You destroy the hound skeleton!
A necrophage comes into view.
You shoot a bolt. The bolt closely misses the necrophage.
The necrophage barely misses you.
You shoot a bolt. The bolt closely misses the necrophage.
The necrophage hits you.
The necrophage hits you but does no damage.
You take 6 damage, and have 37/43 hp.
You shoot a bolt. The bolt closely misses the necrophage.
The necrophage misses you. The necrophage hits you. You partially resist.
You feel drained.
You shoot a bolt. The bolt hits the necrophage!!
The necrophage hits you.
You take 4 damage, and have 33/42 hp.
You shoot a bolt. The bolt hits the necrophage!!
You destroy the necrophage!
Your life force feels restored.
You regained 2 hp, and now have 35/43 hp.
No target in view!
No target in view!
Unknown command.
You see here a necrophage corpse.
You see here a necrophage corpse.
Found a stone staircase leading up.
Health restored: 43
Found a stone staircase leading down.
A kobold comes into view. It is wielding a +0 club.
The kobold shouts!
You shoot a bolt. The bolt hits the kobold!
You kill the kobold!
Your Transmutations skill increases to level 5!
No target in view!
There is a stone staircase leading down here.
Found a shadowy altar of Dithmenos.
u - an amethyst potion
There is a shadowy altar of Dithmenos here.
There is a stone staircase leading up here.
There is a stone staircase leading up here.
Done exploring.
Done exploring.
Okay, then.
Done exploring.
(D) Dungeon
Where to? (Enter - D:5 @ (x,y), ? - help)
There is a stone staircase leading down here.
You climb downwards.
There is a stone staircase leading up here.
A scorpion is nearby!
You shoot a bolt. The bolt hits the scorpion!!
You kill the scorpion!
You have reached level 8!
Health restored: 48; MP restored: 11 You now have 1075 gold pieces (gained 9).
s - 42 stones (gained 6)
Okay, then.
Unknown command.
Found a staircase to the Ecumenical Temple.
You can't go down here!
There is a staircase to the Ecumenical Temple here.
You climb downwards.
Welcome to the Ecumenical Temple!
Found three altars.
There is a staircase back to the Dungeon here.
Found three altars.
Found a white marble altar of Elyvilon.
Found a sparkling altar of Nemelex Xobeh.
Found a bloodstained altar of Trog.
Found a glowing golden altar of the Shining One.
Found an ancient bone altar of Kikubaaqudgha.
Found an ornate altar of the Wu Jian Council.
Done exploring.
Done exploring.
Done exploring.

~_.♣♣♣...♣♣~......♣...~♣
.~.♣♣.._...~~.~...♣♣.♣.♣♣
~.♣♣♣♣.~....~...♣~.§...≈♣♣
~..♣.....~...§.........~~♣
~...~......♣.♣........♣.~♣♣
~~.♣§....~.....~.§....♣.~≈♣
~~.......♣.......♣.§.♣...~♣♣
~~~.~._.♣.§...._....♣♣...~≈♣
~~~.~..~.......~@~..♣....~≈♣♣
~~.......♣♣.~.♣......._.≈~≈≈♣
~......~≈♣♣♣♣..~...♣....≈≈≈≈♣
~.♣§.§≈≈♣♣ ♣♣..._.....~~≈≈≈♣
~~..~≈≈♣♣ ♣♣.......~≈≈≈≈♣♣
~..~≈≈♣♣ ♣♣♣...~≈~~≈≈≈♣
~≈≈~≈♣♣ ♣♣♣~~~≈≈≈≈♣♣ ≈≈≈~♣♣
♣♣≈≈≈≈≈♣♣ ≈≈≈♣♣ ♣♣♣≈≈♣♣


There were no monsters in sight!

Vanquished Creatures
  Sigmund (D:5)
  An ogre (D:4)
  A necrophage (D:4)
  3 scorpions
  An orc priest (D:3)
  2 hounds (D:5)
  An iron imp (D:4)
  Jessica (D:2)
  An iguana (D:4)
  2 orc wizards (D:3)
  Natasha (thrice) (D:3)
  A hound skeleton (D:4)
  2 adders
  A dart slug (D:5)
  5 orcs (D:3)
  6 ball pythons
  3 bats
  8 endoplasms
  A giant cockroach (D:4)
  5 goblins
  8 hobgoblins
  5 kobolds
  4 quokkas
  3 frilled lizards
  7 rats
76 creatures vanquished.

Vanquished Creatures (others)
  A plant (D:3)
1 creature vanquished.

Grand Total: 77 creatures vanquished

Notes
Turn   | Place    | Note
-------+----------+-------------------------------------------
     0 | D:1      | OTABOTABOTAB the Octopode Transmuter began the quest for
                  | the Orb.
     0 | D:1      | Reached XP level 1. HP: 13/13 MP: 3/3
    79 | D:1      | Identified 3 scrolls of acquirement
    79 | D:1      | Acquired the +9 hand crossbow "Hiarhuoq" {vorpal, Dex+4}
    81 | D:1      | Acquired the +2 hat of the Onion {rN+ Dex+4}
    83 | D:1      | Acquired 835 gold pieces
   173 | D:1      | Found a faded altar of an unknown god.
   193 | D:1      | Reached XP level 2. HP: 18/18 MP: 5/5
   197 | D:1      | Learned a level 2 spell: Wereblood
   861 | D:1      | Reached XP level 3. HP: 23/23 MP: 6/6
   865 | D:1      | Learned a level 3 spell: Spider Form
  1312 | D:2      | Noticed Jessica
  1313 | D:2      | Killed Jessica
  1314 | D:2      | Reached skill level 4 in Unarmed Combat
  1314 | D:2      | Reached skill level 1 in Poison Magic
  1314 | D:2      | Reached XP level 4. HP: 28/28 MP: 7/7
  1842 | D:3      | Found Ymmy Ciutu's Antique Armour Shoppe.
  1846 | D:3      | Reached skill level 3 in Transmutations
  1850 | D:3      | Reached XP level 5. HP: 33/33 MP: 8/8
  1853 | D:3      | Reached skill level 2 in Poison Magic
  2358 | D:3      | Noticed Natasha
  2360 | D:3      | Killed Natasha
  2361 | D:3      | Reached skill level 5 in Unarmed Combat
  2659 | D:3      | Noticed Natasha
  2661 | D:3      | Killed Natasha
  2662 | D:3      | Reached XP level 6. HP: 38/38 MP: 9/9
  2749 | D:3      | Noticed Natasha
  2751 | D:3      | Killed Natasha
  2799 | D:4      | Found Gamycsypi's Antique Armour Boutique.
  2821 | D:4      | Reached skill level 3 in Poison Magic
  2829 | D:4      | Found Koenoidu's Book Boutique.
  2962 | D:4      | Found a snail-covered altar of Cheibriados.
  2976 | D:4      | Found Tuuwolaw's General Store.
  2983 | D:4      | Reached skill level 6 in Unarmed Combat
  2983 | D:4      | Reached skill level 4 in Transmutations
  3029 | D:4      | Reached XP level 7. HP: 43/43 MP: 10/10
  3150 | D:4      | You fall into a shaft and drop 1 floor!
  3150 | D:5      | Entered Level 5 of the Dungeon
  3193 | D:5      | Trevise: Did they change the wait command?
  3295 | D:5      | Found a glowing silver altar of Zin.
  3441 | D:5      | Noticed Sigmund
  3445 | D:5      | Killed Sigmund
  3446 | D:5      | Reached skill level 7 in Unarmed Combat
  3518 | D:4      | Found a burning altar of Makhleb.
  3567 | D:4      | Reached skill level 5 in Transmutations
  3575 | D:4      | Found a shadowy altar of Dithmenos.
  3703 | D:5      | Reached XP level 8. HP: 48/48 MP: 11/11
  3953 | D:5      | Found a staircase to the Ecumenical Temple.
  3963 | Temple   | Entered the Ecumenical Temple
  4077 | Temple   | Quit the game

Illustrated notes

Levels and vault maps discovered:
D:1:      minmay_arrival_hallway, layout_loops_corners, basic_ecumenical_altar,
          minmay_unequal
D:2:      layout_loops_ring, uniq_jessica
D:3:      layout_basic, serial_shops, nicolae_shop_advertising_works
          [nicolae_subvault_shop_adworks], minmay_shallow_snake_nest,
          uniq_natasha
D:4:      layout_rooms, grunt_dithmenos_smoke_and_mirrors,
          makhleb_blood_cavern_becter, slow_altar_1, serial_shops,
          nicolae_square_shop, nicolae_shop_temple_entry_statues_fountains,
          kennysheep_mini_moat, chequers_serial_rivers_large_a,
          minmay_fractal_squares_gapless_5
D:5:      layout_layer_cave, mainiacjoe_overflow_cross_hatched,
          lemuel_temple_firewalk_b, uniq_sigmund
Temple:   nicolae_temple_bog_church

Skill      XL: |  1  2  3  4  5  6  7 |
---------------+----------------------+-----
Unarmed Combat | 4 5 6 7 |  7.5
Poison Magic   | 1 2 3 |  3.0
Transmutations | 3 4 5 |  5.1
Fighting       | |  1.0
Dodging        | |  2.0
Spellcasting   | |  2.0

Action                   |  1- 3 |  4- 6 |  7- 9 || total
-------------------------+-------+-------+-------++-------
Melee: Unarmed           |     7 |    10 |       ||    17
       Constrict         |     2 |       |       ||     2
       Kick              |     2 |       |       ||     2
       Tentacles         |     1 |       |       ||     1
 Fire: Hand crossbow     |    20 |    45 |    26 ||    91
 Cast: Beastly Appendage |     2 |       |       ||     2
       Spider Form       |       |     1 |       ||     1
 Abil: End Transformatio |     1 |     1 |       ||     2
  Use: Scroll            |     3 |       |       ||     3
Armor: Skin              |       |     2 |     2 ||     4
Dodge: Dodged            |     3 |     6 |     8 ||    17

Table legend: (Time is in decaauts)
 A = Elapsed time spent in this place.
 B = Non-inter-level travel time spent in this place.
 C = Inter-level travel time spent in this place.
 D = Time resting spent in this place.
 E = Time spent auto-exploring this place.
 F = Levels seen in this place.
 G = Mean time per level.
                   A        B        C        D        E       F      G
               +--------+--------+--------+--------+--------+-----+--------+
         Total |   4148 |   3614 |    534 |      0 |   3243 |   6 |  691.3 |
       Dungeon |   4034 |   3500 |    534 |      0 |   3137 |   5 |  806.8 |
        Temple |    113 |    113 |      0 |      0 |    106 |   1 |  113.0 |
               +--------+--------+--------+--------+--------+-----+--------+

Top non-repeatable levels by time:
     D:3: 1137 daAuts
     D:1: 988 daAuts
     D:2: 675 daAuts
     D:4: 659 daAuts
     D:5: 573 daAuts
  Temple: 113 daAuts

Table legend:
 A = Kills in this place as a percentage of kills in entire the game.
 B = Kills by you in this place as a percentage of kills by you in the entire game.
 C = Kills by friends in this place as a percentage of kills by friends in the entire game.
 D = Other kills in this place as a percentage of other kills in the entire game.
 E = Experience gained in this place as a percentage of experience gained in the entire game.
 F = Experience gained in this place divided by the number of levels of this place that you have seen.
                   A       B       C       D       E      F
               +-------+-------+-------+-------+-------+----------------------
         Total | 100.0 | 100.0 |   N/A |   N/A | 100.0 | 208.0
       Dungeon | 100.0 | 100.0 |   N/A |   N/A | 100.0 | 249.6
               +-------+-------+-------+-------+-------+----------------------
